 Dungeon Crawl Stone Soup version 0.30.0 (webtiles) character file.

Game seed: 11674109527533845193

3399 Mysteryquy the Cleaver (level 9, -10/79 HPs)
             Began as a Minotaur Fighter on May 6, 2023.
             Was a Priest of Qazlal.
             Mangled by a two-headed ogre
             ... wielding a +0 giant club
              (19 damage)
             ... on level 8 of the Dungeon.
             The game lasted 00:14:12 (7538 turns).

Mysteryquy the Cleaver (Minotaur Fighter)           Turns: 7538, Time: 00:14:13

Health: -10/79     AC: 12    Str: 25    XL:     9   Next: 75%
Magic:  8/8        EV: 12    Int:  5    God:    Qazlal [***...]
Gold:   437        SH: 10    Dex: 16    Spells: 8/8 levels left

rFire   + + .        q - +0 hand axe (flame)
rCold   x . .        c - +0 buckler
rNeg    . . .        C - +0 fire dragon scales
rPois   .            (helmet restricted)
rElec   .            (no cloak)
rCorr   .            (no gloves)
SInv    .            n - +0 pair of boots
Will    .....        (no amulet) Stlth
                     t - +6 ring of dexterity
HPRegen 0.33/turn    (no ring)
MPRegen 0.11/turn

%: no passive effects
@: no status effects
A: horns 2, retaliatory headbutt
a: Renounce Religion, Upheaval, Elemental Force


You were on level 8 of the Dungeon.
You worshipped Qazlal.
Qazlal was most pleased with you.
You visited 2 branches of the dungeon, and saw 9 of its levels.
You also visited: Ossuary.

You collected 437 gold pieces.

Inventory:

Hand Weapons
 a - a +0 war axe
 q - a +0 hand axe of flaming (weapon)
 I - a +0 battleaxe
Missiles
 J - a throwing net (quivered)
Armour
 b - a +0 scale mail
 c - a +0 buckler (worn)
 n - a +0 pair of boots (worn)
 v - the +0 cloak of the Cartwright {Dex+6}
   (You found it on level 4 of the Dungeon)

   Dex:       It affects your dexterity (+6).
 C - +0 fire dragon scales (worn)
Jewellery
 t - a +6 ring of dexterity (left hand)
 y - a ring of wizardry
 M - a +5 ring of evasion
Wands
 w - a wand of iceblast (17)
Scrolls
 i - 3 scrolls of noise {unknown}
 j - 4 scrolls of blinking {unknown}
 k - a scroll of enchant armour {unknown}
 l - 8 scrolls of identify {unknown}
 m - a scroll of immolation {unknown}
 p - 3 scrolls of teleportation {unknown}
 r - 2 scrolls of fear {unknown}
 s - a scroll of fog {unknown}
 B - a scroll of summoning {unknown}
 E - 4 scrolls of amnesia {unknown}
 F - 2 scrolls of magic mapping {unknown}
 G - a scroll of enchant weapon {unknown}
 H - a scroll of torment {unknown}
 N - a scroll of vulnerability {unknown}
 O - a scroll of brand weapon {unknown}
Potions
 d - 2 potions of might
 e - a potion of flight {unknown}
 f - 2 potions of resistance {unknown}
 g - 2 potions of mutation {unknown}
 h - 2 potions of invisibility {unknown}
 o - 2 potions of lignification {unknown}
 u - a potion of attraction {unknown}
 x - 2 potions of heal wounds {unknown}
 z - a potion of haste
 A - a potion of curing {unknown}
 D - a potion of cancellation {unknown}
 K - a potion of ambrosia {unknown}
 L - a potion of brilliance {unknown}


   Skills:
 + Level 7.2 Fighting
 + Level 10.2 Axes
 + Level 9.2 Armour
 + Level 4.3 Dodging
 + Level 0.1 Stealth
 + Level 7.6 Shields


You had 8 spell levels left.
You didn't know any spells.
Your spell library contained the following spells:

 Spells                   Type           Power      Damage    Failure   Level
 Beastly Appendage        Tmut           0%         N/A       83%         1
 Magic Dart               Conj           0%         1d3       83%         1
 Sandblast                Erth           0%         2d4       83%         1
 Call Imp                 Summ           0%         N/A       92%         2
 Passwall                 Tmut/Erth      0%         N/A       92%         2
 Wereblood                Tmut           0%         N/A       92%         2
 Mephitic Cloud           Conj/Pois/Air  0%         N/A       99%         3
 Spider Form              Tmut/Pois      0%         N/A       99%         3
 Stone Arrow              Conj/Erth      0%         3d7       99%         3
 Animate Armour           Summ/Erth      0%         N/A       100%        4
 Blade Hands              Tmut           0%         N/A       100%        5
 Irradiate                Conj/Tmut      0%         3d11      100%        5
 Dragon Form              Tmut           0%         N/A       100%        7
 Lehudib's Crystal Spear  Conj/Erth      0%         10d2      100%        8


Dungeon Overview and Level Annotations

Branches:
Dungeon (8/15)             Temple (1/1) D:4         Ossuary (visited)
   Lair: D:8-11

Altars:
Ashenzari
Cheibriados
Dithmenos
Elyvilon
Fedhas
Gozag
Hepliaklqana
Makhleb
Nemelex Xobeh
Okawaru
Qazlal
Ru
Sif Muna
Trog
Uskayaw
Wu Jian
Yredelemnul
Zin
The Shining One

Shops:
D:3 (=(   D:5 =

Annotations:
D:4 Pikel


Innate Abilities, Weirdness & Mutations

You have a pair of horns on your head.
You reflexively headbutt those who attack you in melee.


Message History

You hit the two-headed ogre. You burn the two-headed ogre.
The two-headed ogre is lightly wounded.
The two-headed ogre barely misses you.
The two-headed ogre hits you with a +0 giant club!
You hit the two-headed ogre. You burn the two-headed ogre.
You headbutt the two-headed ogre.
The two-headed ogre is lightly wounded.
You completely miss the two-headed ogre.
The two-headed ogre is lightly wounded.
The two-headed ogre barely misses you.
The two-headed ogre hits you but does no damage.
You slash the two-headed ogre! You burn the two-headed ogre.
The two-headed ogre is moderately wounded.
You hit the two-headed ogre. You burn the two-headed ogre.
The two-headed ogre is moderately wounded.
The two-headed ogre completely misses you.
The two-headed ogre hits you with a +0 giant club!!
* * * LOW HITPOINT WARNING * * *
You hit the two-headed ogre. You burn the two-headed ogre.
The two-headed ogre is heavily wounded.
You hit the two-headed ogre. You burn the two-headed ogre.
You headbutt the two-headed ogre!
The two-headed ogre is severely wounded.
The two-headed ogre completely misses you.
The two-headed ogre hits you with a +0 giant club!
* * * LOW HITPOINT WARNING * * *
You completely miss the two-headed ogre.
Your headbutt misses the two-headed ogre.
The two-headed ogre is severely wounded.
You slash the two-headed ogre! You burn the two-headed ogre.
The two-headed ogre is almost dead.
The two-headed ogre closely misses you. You block the two-headed ogre's attack.
You hit the two-headed ogre but do no damage.
Your headbutt misses the two-headed ogre.
The two-headed ogre is almost dead.
You barely miss the two-headed ogre. You headbutt the two-headed ogre.
The two-headed ogre is almost dead.
The two-headed ogre hits you but does no damage.
The two-headed ogre hits you with a +0 giant club!!
You die...

......~. .....$
. ..... .. ...#.
.... ####
##.##....#
#.####........#
#..O@..........
######.#.......
##.#.....##
#..#.......
######.##......#
#....#.# #..##.#
#....#.###..# #
#....#.##....
#....#.#....##


You could see a two-headed ogre.

Vanquished Creatures
  Prince Ribbit (D:5)
  A wraith (D:7)
  A steam dragon (D:7)
  4 water moccasins
  A black bear (D:3)
  A sky beast (D:6)
  4 ice beasts
  An ogre (D:6)
  A centaur (D:5)
  2 phantoms
  2 lemures (D:3)
  6 scorpions
  3 wights (D:7)
  An electric eel (D:7)
  2 howler monkeys
  A centaur zombie (Ossuary)
  2 human zombies (Ossuary)
  2 jellies (D:7)
  4 hounds
  An orc priest (D:3)
  4 gnoll boudas
  2 iguanas
  A sleepcap (D:8)
  An orc wizard (D:6)
  5 hound zombies (Ossuary)
  3 mummies (Ossuary)
  18 gnolls
  7 adders
  2 shadow imps
  3 white imps
  8 adder zombies (Ossuary)
  A worm (D:5)
  A dart slug (D:3)
  15 orcs
  9 ball pythons
  4 bats
  5 endoplasms
  3 giant cockroaches
  A gnoll zombie (Ossuary)
  5 goblins
  7 hobgoblins
  2 jackals (D:4)
  4 quokkas
  A frilled lizard (D:3)
  3 goblin zombies
  5 hobgoblin zombies (Ossuary)
  5 jackal zombies (Ossuary)
  4 kobolds
  2 kobold zombies (Ossuary)
  An orc zombie (Ossuary)
  2 quokka zombies (Ossuary)
  4 rats
  4 rat zombies
183 creatures vanquished.

Vanquished Creatures (others)
  2 gnolls (D:7)
2 creatures vanquished.

Grand Total: 185 creatures vanquished

Notes
Turn   | Place    | Note
-------+----------+-------------------------------------------
     0 | D:1      | Mysteryquy the Minotaur Fighter began the quest for the
                  | Orb.
     0 | D:1      | Reached XP level 1. HP: 19/19 MP: 0/0
    39 | D:1      | You fall into a shaft and drop 1 floor!
   152 | D:2      | Reached XP level 2. HP: 27/27 MP: 1/1
   378 | D:1      | Reached XP level 3. HP: 33/33 MP: 2/2
   904 | D:2      | Reached skill level 3 in Axes
  1436 | D:3      | Reached XP level 4. HP: 40/40 MP: 3/3
  1511 | D:3      | Found Alagieq's Weapon Boutique.
  1535 | D:3      | Reached skill level 4 in Axes
  1646 | D:3      | Reached skill level 1 in Dodging
  1688 | D:3      | Reached XP level 5. HP: 46/46 MP: 4/4
  1786 | D:3      | Found Koitraci's Weapon Shop.
  1837 | D:3      | Found Ruavorr's Jewellery Boutique.
  2173 | D:4      | Noticed a black bear
  2174 | D:4      | Noticed a water moccasin
  2186 | D:3      | Killed a black bear
  2187 | D:3      | Reached skill level 5 in Axes
  2187 | D:3      | Reached skill level 5 in Armour
  2187 | D:3      | Reached XP level 6. HP: 38/52 MP: 5/5
  2247 | D:3      | Killed a water moccasin
  2450 | D:4      | Identified the +0 cloak of the Cartwright {Dex+6}
  2785 | D:4      | Noticed Pikel
  2952 | D:4      | Found a staircase to the Ecumenical Temple.
  3017 | Temple   | Entered the Ecumenical Temple
  3117 | Temple   | Became a worshipper of Qazlal Stormbringer
  3378 | D:5      | Entered Level 5 of the Dungeon
  3383 | D:5      | Reached skill level 6 in Axes
  3386 | D:5      | Reached XP level 7. HP: 53/60 MP: 6/6
  3481 | D:5      | Reached skill level 5 in Shields
  3946 | D:5      | Reached skill level 5 in Fighting
  3958 | D:5      | Reached skill level 7 in Axes
  4011 | D:5      | Reached XP level 8. HP: 68/68 MP: 7/7
  4069 | D:5      | Found Meacip's One-of-a-Kind Rings.
  4085 | D:5      | Noticed Prince Ribbit
  4093 | D:5      | Killed Prince Ribbit
  4474 | D:6      | Reached * piety under Qazlal
  4589 | D:6      | Reached skill level 8 in Axes
  4785 | D:6      | Found a shimmering blue altar of Sif Muna.
  4810 | D:6      | Found a sand-covered staircase.
  4819 | Ossuary  | Entered an ossuary
  4933 | Ossuary  | Reached ** piety under Qazlal
  5165 | D:6      | Reached XP level 9. HP: 67/78 MP: 8/8
  5333 | D:6      | Reached skill level 9 in Axes
  5768 | D:6      | Found a glowing golden altar of the Shining One.
  6260 | D:7      | Reached *** piety under Qazlal
  6630 | D:7      | Reached skill level 10 in Axes
  7522 | D:8      | Noticed a two-headed ogre
  7538 | D:8      | Mangled by a two-headed ogre

Illustrated notes

Levels and vault maps discovered:
D:1:      heliophobic_arrival_enchanted_forest, layout_loops_ring
D:2:      layout_basic
D:3:      layout_loops_ring, serial_shops, shop, shop, nicolae_lakefront_shop
D:4:      layout_basic, temple_hall, uniq_pikel
D:5:      layout_loops_cross, nicolae_shop_unique_rings, uniq_prince_ribbit1
D:6:      layout_loops_ring, mainiacjoe_overflow_catwalk,
          nicolae_overflow_hidden_temple, enter_ossuary_4, hangedman_glass_teeth
D:7:      layout_cave_pods, water_maze_lemuel
D:8:      layout_rooms, erik_lair_island, serial_curves, eino_curves_02,
          eino_curves_02, eino_curves_01, eino_curves_01
Temple:   minmay_temple_bridge_d

Skill      XL: |  1  2  3  4  5  6  7  8  9 |
---------------+----------------------------+-----
Shields        | 4 5 6 7 |  7.6
Armour         | 4 5 7 8 9 |  9.2
Fighting       | 4 5 6 7 |  7.2
Axes           | 3 4 5 6 7 8 10 | 10.2
Dodging        | 1 2 3 4 |  4.3
Stealth        | |  0.1

Action                     |  1- 3 |  4- 6 |  7- 9 || total
---------------------------+-------+-------+-------++-------
  Melee: War axe           |    75 |       |       ||    75
         Headbutt          |     8 |    12 |    86 ||   106
         Hand axe          |     2 |   123 |   389 ||   514
    Use: Potion            |       |       |     1 ||     1
 Armour: Scale mail        |    29 |    66 |    24 ||   119
         Fire dragon scale |       |       |    82 ||    82
  Dodge: Dodged            |    31 |    69 |   133 ||   233
  Block: Buckler           |    15 |    28 |   120 ||   163
